 Dungeon Crawl Stone Soup version 0.27-a0-1181-g5f64966fcc (webtiles) character file.

Game seed: 3597277980876242602

88 bande the Shield-Bearer (level 4, -1/29 HPs)
             Began as a Gargoyle Fighter on May 17, 2021.
             Slain by a sky beast (4 damage)
             ... on level 3 of the Dungeon.
             The game lasted 00:03:28 (2565 turns).

bande the Shield-Bearer (Gargoyle Fighter)          Turns: 2565, Time: 00:03:29

Health: -1/29      AC: 10    Str: 19    XL:     4   Next: 53%
Magic:  4/4        EV:  7    Int:  9    God:
Gold:   45         SH:  9    Dex: 10    Spells: 3/3 levels left

rFire    . . .     SeeInvis .   a - +0 war axe
rCold    . . .     Faith    .   c - +0 kite shield
rNeg     + + .     Spirit   .   b - +0 scale mail
rPois    ∞         Reflect  .   f - +0 hat of the Comet {Will+}
rElec    +         Harm     .   (no cloak)
rCorr    .         Rampage  .   (no gloves)
Will     +....                  (no boots)
Stlth    ..........             (no amulet)
HPRegen  0.09/turn              h - ring of positive energy
MPRegen  0.09/turn              (no ring)

@: mighty
A: sickness immunity, AC +3, negative energy resistance 1, electricity
resistance, torment resistance 1, petrification resistance
a: no special abilities


You were on level 3 of the Dungeon.
You visited 1 branch of the dungeon, and saw 3 of its levels.

You collected 45 gold pieces.

Inventory:

Hand Weapons
 a - a +0 war axe (weapon)
Armour
 b - a +0 scale mail (worn)
 c - a +0 kite shield (worn)
 f - the +0 hat of the Comet (worn) {Will+}
   (You acquired it on level 2 of the Dungeon)

   It increases your willpower.
Jewellery
 g - a ring of positive energy
 h - a ring of positive energy (left hand)
 i - an amulet of guardian spirit
 k - an amulet of faith
Scrolls
 e - a scroll of magic mapping
 j - a scroll of identify {unknown}
Potions
 d - a potion of might


   Skills:
 + Level 3.6 Fighting
 + Level 2.9 Axes
 + Level 3.9 Armour
 + Level 0.2 Dodging
 + Level 3.9 Shields


You had 3 spell levels left.
You didn't know any spells.
Your spell library contained the following spells:

 Spells                   Type           Power      Damage    Failure   Level
 Animate Skeleton         Necr           0%         N/A       99%         1
 Pain                     Necr           0%         1d4       99%         1
 Vampiric Draining        Necr           0%         2d6       100%        3
 Animate Dead             Necr           0%         N/A       100%        4
 Agony                    Necr           0%         N/A       100%        5


Dungeon Overview and Level Annotations

Branches:
Dungeon (3/15)

Altars:

Shops:
D:1 *


Innate Abilities, Weirdness & Mutations

You are immune to sickness and miasma.
Your stone body is resilient. (AC +3)
You are immune to poison.
You resist negative energy. (rN+)
You are resistant to electric shocks. (rElec)
You are resistant to unholy torment.
You are immune to petrification.


Message History

Unknown command.
Your shield and scale mail prevent you from hitting something.
Your shield and scale mail prevent you from hitting the kobold.
Something hits you but does no damage. You block the kobold's attack.
A sky beast appears from thin air!
Reactivating autopickup.
The sky beast hits you. The sky beast shocks you. You resist.
You miss the sky beast. You barely miss the kobold.
The kobold hits you with a +2 whip of electrocution.
The sky beast hits you but does no damage.
The kobold barely misses you.
Unknown command.
You completely miss the sky beast. You hit the kobold.
The sky beast barely misses you.
The kobold hits you with a +2 whip of electrocution.
The sky beast hits you.
* * * LOW HITPOINT WARNING * * *
The sky beast shocks you. You resist.
* * * LOW HITPOINT WARNING * * *
You block the kobold's attack.
You barely miss the sky beast. You hit the kobold.
You kill the kobold!
You hear a splash. x2
You block the sky beast's attack.
The sky beast hits you but does no damage.
You feel very mighty all of a sudden.
The sky beast flickers out of sight!
Deactivating autopickup; reactivate with Ctrl-A.
Something completely misses you.
Unknown command.
You closely miss something. Something hits you but does no damage.
You slash something! Something hits you but does no damage. Something hits you.
* * * LOW HITPOINT WARNING * * *
Something shocks you. You resist.
* * * LOW HITPOINT WARNING * * *
Unknown command.
You closely miss something. Something hits you but does no damage.
Unknown command.
You barely miss something. Something hits you.
You die...

###.######
..##....#
...#.#####
..#.....# .
..#.....## ...
#.#......#
....###$#......#
......†{##.._..#
...$..)@.......#
..######.......#
#.....###
#.##.## #.##.#
#....# ######


There were no monsters in sight!

Vanquished Creatures
  Robin (D:2)
  3 adders (D:2)
  A dart slug (D:1)
  2 ball pythons
  3 endoplasms
  8 hobgoblins
  A quokka (D:2)
  5 bats
  3 frilled lizards
  12 goblins
  3 kobolds
  4 rats
46 creatures vanquished.

Notes
Turn   | Place    | Note
-------+----------+-------------------------------------------
     0 | D:1      | bande the Gargoyle Fighter began the quest for the Orb.
     0 | D:1      | Reached XP level 1. HP: 14/14 MP: 1/1
    86 | D:1      | Found Toackin's Assorted Antiques.
   193 | D:1      | Reached XP level 2. HP: 4/19 MP: 2/2
  1329 | D:2      | Reached XP level 3. HP: 19/23 MP: 3/3
  1857 | D:2      | Reached XP level 4. HP: 28/28 MP: 4/4
  1900 | D:2      | Identified a scroll of acquirement
  1900 | D:2      | Acquired the +0 hat of the Comet {Will+}
  1907 | D:2      | Noticed Robin
  1919 | D:2      | Killed Robin
  2534 | D:3      | Found a faded altar of an unknown god.
  2549 | D:3      | Noticed a sky beast
  2565 | D:3      | Slain by a sky beast

Illustrated notes

Levels and vault maps discovered:
D:1:      minmay_arrival_loop, layout_basic, serial_shops, shop,
          roderic_filled_cross, minmay_misc_feat_room, hangedman_decor_opposing,
          item_on_display_a
D:2:      layout_basic, uniq_robin
D:3:      layout_basic, ebering_ecumenical_altar_sacrificial, serial_shops,
          shop, minmay_misc_feat_diagonals

Skill      XL: |  1  2 |
---------------+-------+-----
Axes           | 2 |  2.9
Fighting       | |  3.6
Armour         | |  3.9
Dodging        | |  0.2
Shields        | |  3.9

Action                   |  1- 3 |  4- 6 || total
-------------------------+-------+-------++-------
Melee: War axe           |   100 |    43 ||   143
  Use: Potion            |     3 |     1 ||     4
       Scroll            |     2 |     3 ||     5
Armor: Scale mail        |    70 |    34 ||   104
Dodge: Dodged            |    43 |    12 ||    55
Block: Kite shield       |    59 |    25 ||    84

Table legend: (Time is in decaauts)
 A = Elapsed time spent in this place.
 B = Non-inter-level travel time spent in this place.
 C = Inter-level travel time spent in this place.
 D = Time resting spent in this place.
 E = Time spent auto-exploring this place.
 F = Levels seen in this place.
 G = Mean time per level.
                   A        B        C        D        E       F      G
               +--------+--------+--------+--------+--------+-----+--------+
         Total |   2652 |   2631 |     21 |    552 |   1677 |   3 |  884.0 |
       Dungeon |   2652 |   2631 |     21 |    552 |   1677 |   3 |  884.0 |
               +--------+--------+--------+--------+--------+-----+--------+

Top non-repeatable levels by time:
     D:1: 1329 daAuts
     D:2: 1245 daAuts
     D:3: 76 daAuts
